 Dungeon Crawl Stone Soup version 0.30-a0-743-gbfdf073431 (webtiles) character file.

Game seed: 9170366471028180507

105 Dirtsage the Sneak (level 4, -4/29 HPs)
             Began as a Vampire Brigand on Feb 8, 2023.
             Slain by a worm (9 damage)
             ... on level 3 of the Dungeon.
             The game lasted 00:06:15 (1877 turns).

Dirtsage the Sneak (Vampire Brigand)                Turns: 1877, Time: 00:06:16

Health: -4/29      AC:  3    Str: 10    XL:     4   Next: 53%
Magic:  4/4        EV: 12    Int: 13    God:
Gold:   226        SH:  0    Dex: 17    Spells: 3/3 levels left

rFire   . . .      SeeInvis +    p - +1 dagger (vamp)
rCold   . . .      Faith    .    (no shield)
rNeg    . . .      Spirit   .    b - +0 robe
rPois   .          Reflect  .    (no helmet)
rElec   .          Harm     .    c - +0 cloak
rCorr   .          Rampage  .    (no gloves)
Will    .....                    (no boots)
Stlth   ++++                     (no amulet)
HPRegen 0.44/turn                (no ring)
MPRegen 0.09/turn                (no ring)

@: healing quickly
A: alive, fangs 3, see invisible, vampiric 2, [frail 1]
a: Exsanguinate


You were on level 3 of the Dungeon.
You visited 1 branch of the dungeon, and saw 3 of its levels.

You collected 226 gold pieces.

Inventory:

Hand Weapons
 a - a +2 dagger
 p - a +1 vampiric dagger (weapon)
Missiles
 d - 9 poisoned darts (quivered)
 e - 3 curare-tipped darts
Armour
 b - a +0 robe (worn)
 c - a +0 cloak (worn)
Scrolls
 f - a scroll of enchant armour {unknown}
 i - 3 scrolls of identify {unknown}
 k - a scroll of vulnerability {unknown}
 n - a scroll of magic mapping {unknown}
 o - a scroll of fog {unknown}
 q - a scroll of noise {unknown}
 r - a scroll of amnesia {unknown}
Potions
 g - 4 potions of curing {unknown}
 h - a potion of haste {unknown}
 j - a potion of heal wounds {unknown}
 l - a potion of cancellation {unknown}
 m - a potion of might {unknown}


   Skills:
 - Level 1.7 Fighting
 - Level 2.1(3.4) Short Blades
 * Level 3.6(3.9) Long Blades
 - Level 1.5 Throwing
 - Level 1.1 Dodging
 + Level 6.8 Stealth


You had 3 spell levels left.
You didn't know any spells.
Your spell library contained the following spells:

 Spells                   Type           Power      Damage    Failure   Level
 Call Canine Familiar     Summ           0%         N/A       67%         3
 Portal Projectile        Hex/Tloc       0%         N/A       67%         3
 Leda's Liquefaction      Hex/Erth       0%         N/A       97%         4


Dungeon Overview and Level Annotations

Branches:
Dungeon (3/15)

Altars:
Yredelemnul

Shops:
D:3 ::


Innate Abilities, Weirdness & Mutations

Your natural rate of healing is accelerated.
You have razor-sharp teeth.
You have supernaturally acute eyesight. (SInv)
You are afflicted with vampirism and can become a bat while bloodless.
[You are frail. (-10% HP)]


Message History

You regained 4 hp, and now have 22/29 hp.
Things that are here:
a +0 club; a +0 hand axe; a +0 ring mail
r - a scroll labelled OKOFAJA RATA Health restored: 29 A worm comes into view.
The worm bites you.
You take 5 damage, and have 24/29 hp.
You hit the worm. You bite the worm.
The worm is moderately wounded.
The worm bites you!
You take 7 damage, and have 17/29 hp.
MASSIVE DAMAGE!!
You are too injured to fight recklessly!
You are too injured to fight recklessly!
You hit the worm.
The worm is moderately wounded.
You hit the worm but do no damage.
The worm is moderately wounded.
You hit the worm.
The worm is heavily wounded.
The worm bites you.
You take 5 damage, and have 12/29 hp.
You hit the worm.
You feel better.
The worm is heavily wounded.
You hit the worm but do no damage.
The worm is heavily wounded.
The worm bites you!
* * * LOW HITPOINT WARNING * * *
You take 10 damage, and have 3/29 hp.
MASSIVE DAMAGE!!
You barely miss the worm.
The worm is heavily wounded.
You hit the worm but do no damage.
The worm is heavily wounded.
The worm misses you.
You hit the worm but do no damage.
The worm is heavily wounded.
You hit the worm but do no damage. You bite the worm.
The worm is severely wounded.
The worm bites you!
You die...

#...# #.#.# #.#.#
#.#.# #.#.#
#.#.########
##......#$..#
#..#....#..w#
.######..#....#.@.#
........##....#...#
..................#
###.#.#...........#
....#.##............#
.........#........###
.......###.....####
......###.....##
..........#..##


You could see a worm.

Vanquished Creatures
  4 adders
  A worm (D:2)
  2 dart slugs
  5 orcs
  5 bats
  7 endoplasms
  3 giant cockroaches
  4 goblins
  2 hobgoblins (D:2)
  3 quokkas (D:1)
  5 ball pythons
  7 frilled lizards
  4 kobolds
  4 rats
56 creatures vanquished.

Notes
Turn   | Place    | Note
-------+----------+-------------------------------------------
     0 | D:1      | Dirtsage the Vampire Brigand began the quest for the Orb.
     0 | D:1      | Reached XP level 1. HP: 16/16 MP: 1/1
    55 | D:1      | Reached skill level 1 in Long Blades
   154 | D:1      | Reached XP level 2. HP: 17/17 MP: 2/2
   277 | D:1      | You fall into a shaft and drop 1 floor!
   337 | D:2      | Reached skill level 6 in Stealth
   571 | D:1      | Gained mutation: You are afflicted with vampirism and can
                  | become a bat while bloodless. [Vampire growth]
   571 | D:1      | Reached XP level 3. HP: 24/24 MP: 3/3
   958 | D:2      | Found a basalt altar of Yredelemnul.
  1609 | D:2      | Reached XP level 4. HP: 29/29 MP: 4/4
  1618 | D:3      | Found Ecill's Vocational Training.
  1764 | D:3      | Found Rean's Book Shoppe.
  1877 | D:3      | Slain by a worm

Illustrated notes

Levels and vault maps discovered:
D:1:      ncdulo_smallfort, layout_loops_ring, kennysheep_doodads
D:2:      minmay_recursive_quarters, layout_loops_ring, basic_altar,
          minmay_misc_feat_five
D:3:      layout_rooms, serial_shops, shop, nicolae_shop_vocational

Skill      XL: |  1  2  3 |
---------------+----------+-----
Long Blades    | 1 2 3 |  3.6
Stealth        | 6 |  6.8
Fighting       | |  1.7
Short Blades   | |  2.1
Throwing       | |  1.5
Dodging        | |  1.1

Action                     |  1- 3 |  4- 6 || total
---------------------------+-------+-------++-------
  Melee: Dagger            |   100 |    74 ||   174
         Bite              |    13 |    11 ||    24
Ability: Exsanguinate      |     1 |       ||     1
         Revivify          |     1 |       ||     1
   Stab: Sleeping          |    20 |     1 ||    21
         Distracted        |     1 |       ||     1
 Armour: Robe              |    15 |    20 ||    35
  Dodge: Dodged            |    30 |    48 ||    78

Table legend: (Time is in decaauts)
 A = Elapsed time spent in this place.
 B = Non-inter-level travel time spent in this place.
 C = Inter-level travel time spent in this place.
 D = Time resting spent in this place.
 E = Time spent auto-exploring this place.
 F = Levels seen in this place.
 G = Mean time per level.
                   A        B        C        D        E       F      G
               +--------+--------+--------+--------+--------+-----+--------+
         Total |   1850 |   1772 |     78 |      0 |   1333 |   3 |  616.7 |
       Dungeon |   1850 |   1772 |     78 |      0 |   1333 |   3 |  616.7 |
               +--------+--------+--------+--------+--------+-----+--------+

Top non-repeatable levels by time:
     D:2: 830 daAuts
     D:1: 773 daAuts
     D:3: 246 daAuts
